 Dungeon Crawl Stone Soup version 0.30-a0-1016-gfb0d676c02 (webtiles) character file.

Game seed: 725278726788678444

12523 123456 the Geomancer (level 11, -5/54 HPs)
             Began as a Gargoyle Earth Elementalist on Apr 6, 2023.
             Was an Initiate of Gozag.
             Killed by divine providence
             ... invoked by a meliai
              (15 damage)
             ... on level 12 of the Dungeon.
             The game lasted 00:19:45 (10380 turns).

123456 the Geomancer (Gargoyle Earth Elementalist) Turns: 10380, Time: 00:19:46

Health: -5/54      AC: 27    Str: 12    XL:     11   Next: 94%
Magic:  13/23      EV: 10    Int: 20    God:    Gozag
Gold:   2741       SH:  0    Dex: 10    Spells: 19/27 levels left

rFire   . . .      SeeInvis .    d - +4 whip (venom)
rCold   . . .      Faith    .    (no shield)
rNeg    + . .      Spirit   .    t - +9 scale mail "Ykaob" {Regen+}
rPois   ∞          Reflect  .    (no helmet)
rElec   +          Rampage  .    l - +0 cloak
rCorr   .                        s - +2 pair of gloves
Will    .....                    (no boots)
Stlth   ++                       p - amulet of magic regeneration
HPRegen 1.09/turn                (no ring)
MPRegen 0.58/turn                (no ring)

@: about to teleport, gold aura
A: sickness immunity, AC +8, negative energy resistance 1, electricity
resistance, torment resistance 1, petrification resistance
a: Renounce Religion, Potion Petition, Call Merchant, Bribe Branch


You were on level 12 of the Dungeon.
You worshipped Gozag.
Gozag was most pleased with you.
You visited 1 branch of the dungeon, and saw 12 of its levels.
You also visited: Ossuary.

You collected 2862 gold pieces.
You spent 64 gold pieces at shops.
You paid 57 gold pieces to Gozag.

Inventory:

Hand Weapons
 d - a +4 whip of venom (weapon)
 r - a +0 rapier
Missiles
 a - 7 throwing nets
Armour
 l - a +0 cloak (worn)
 s - a +2 pair of gloves (worn)
 t - the +9 scale mail "Ykaob" (worn) {Regen+}
   (You found it on level 10 of the Dungeon)

   Regen:     It increases your rate of health regeneration.
 G - a +2 robe of fire resistance
Jewellery
 p - an amulet of magic regeneration (around neck)
 x - an amulet of faith
Wands
 o - a wand of paralysis (18)
 B - a wand of flame (17)
 F - a wand of iceblast (7)
 H - a wand of quicksilver (5)
Scrolls
 c - 5 scrolls of teleportation
 g - 4 scrolls of blinking
 h - 6 scrolls of noise
 i - a scroll of fear
 j - a scroll of summoning
 k - 3 scrolls of vulnerability
 n - a scroll of magic mapping {unknown}
 q - 3 scrolls of poison
 y - a scroll of identify
 A - a scroll of torment
Potions
 b - 3 potions of magic
 f - 3 potions of curing
 m - 4 potions of haste
 u - 6 potions of degeneration
 v - 2 potions of might
 w - 3 potions of ambrosia {unknown}
 z - 2 potions of flight
 C - a potion of mutation {unknown}
 D - a potion of brilliance {unknown}
Miscellaneous
 E - a box of beasts


   Skills:
 - Level 5.0 Dodging
 - Level 7.0 Stealth
 + Level 8.8 Spellcasting
 * Level 9.3 Conjurations
 - Level 0.7 Transmutations
 + Level 5.4 Fire Magic
 + Level 12.4 Earth Magic


You had 19 spell levels left.
You knew the following spells:

 Your Spells              Type           Power      Damage    Failure   Level
a - Sandblast             Erth           100%       2d20      1%          1
b - Stone Arrow           Conj/Erth      100%       3d13      1%          3
c - Flame Wave            Conj/Fire      38%        2d10      21%         4

Your spell library contained the following spells:

 Spells                   Type           Power      Damage    Failure   Level
 Passwall                 Tmut/Erth      29%        N/A       4%          2
 Scorch                   Fire           60%        2d7       7%          2
 Sticky Flame             Conj/Fire      38%        2d6       21%         4
 Iskenderun's Battlesphe  Conj           46%        2d10      26%         5
 Petrify                  Tmut/Erth      35%        N/A       28%         4
 Animate Armour           Summ/Erth      66%        N/A       32%         4
 Leda's Liquefaction      Hex/Erth       16%        N/A       32%         4
 Mephitic Cloud           Conj/Pois/Air  21%        N/A       34%         3
 Ignite Poison            Fire/Tmut/Pois 17%        N/A       50%         3
 Fireball                 Conj/Fire      19%        3d9       50%         5
 Lesser Beckoning         Tloc           16%        N/A       54%         2
 Poisonous Vapours        Pois/Air       16%        N/A       54%         2
 Call Canine Familiar     Summ           8%         N/A       78%         3
 Gell's Gravitas          Tloc           8%         N/A       78%         3
 Portal Projectile        Hex/Tloc       16%        N/A       78%         3
 Teleport Other           Tloc           8%         N/A       78%         3
 Freezing Cloud           Conj/Ice/Air   10%        6-21      97%         5
 Conjure Ball Lightning   Conj/Air       13%        3x3d6     100%        6
 Summon Cactus Giant      Summ           4%         N/A       100%        6
 Orb of Destruction       Conj           23%        9d8       100%        7
 Ignition                 Fire           15%        3d6       100%        8
 Lehudib's Crystal Spear  Conj/Erth      25%        10d7      100%        8


Dungeon Overview and Level Annotations

Branches:
Dungeon (12/15)            Temple (0/1) D:5            Lair (0/5) D:9
    Orc (0/2) D:11        Ossuary (visited)

Altars:
Dithmenos
Gozag
Hepliaklqana
Uskayaw
Vehumet
Wu Jian
Yredelemnul
Zin
The Shining One

Shops:
D:10 ?

Annotations:
D:12 1 runed translucent door, Kirke; patfeehan111222's ghost, journeyman MiBe


Innate Abilities, Weirdness & Mutations

You are immune to sickness and miasma.
Your stone body is resilient. (AC +8)
You are immune to poison.
You resist negative energy. (rN+)
You are resistant to electric shocks. (rElec)
You are resistant to unholy torment.
You are immune to petrification.


Message History

The meliai invokes the aid of its god against you.
Something smites you! The meliai hits you but does no damage.
The meliai stings you but does no damage.
Casting: Stone Arrow (safe; 1% risk of failure)
Confirm with . or Enter, or press ? or * to list all spells.
Aiming: Stone Arrow (safe; 1% risk of failure)
Press: ? - help, Shift-Dir - straight line, f/p - meliai
Aim: a meliai, wielding a +0 hand axe and wearing a +0 leather armour (66% to hit)
The stone arrow hits the meliai.
The meliai is lightly wounded.
The meliai barely misses you.
The meliai stings you but does no damage.
The meliai hits you but does no damage.
The meliai stings you but does no damage.
The meliai hits you with a +0 hand axe.
The meliai stings you but does no damage.
Casting: Stone Arrow (safe; 1% risk of failure)
Confirm with . or Enter, or press ? or * to list all spells.
Aiming: Stone Arrow (safe; 1% risk of failure)
Press: ? - help, Shift-Dir - straight line, f/p - meliai
Aim: a meliai, wielding a +0 hand axe and wearing a +0 leather armour (lightly wounded, 66% to hit)
The stone arrow hits the meliai!!
You kill the meliai!
The meliai hits you but does no damage.
The meliai stings you but does no damage.
The meliai hits you with a +0 hand axe. The meliai barely misses you.
The meliai invokes the aid of its god against you.
Something smites you!
As you read the scroll of teleportation, it crumbles to dust.
You feel strangely unstable. The meliai hits you with a +0 hand axe.
The meliai barely misses you.
The meliai calls down the wrath of its god upon you.
Something smites you!
* * * LOW HITPOINT WARNING * * *
The meliai hits you but does no damage.
The meliai stings you but does no damage.
The meliai calls down the wrath of its god upon you.
Something smites you!
You die...
Your body crumbles into a pile of gold.

#.###... ..
##...###. ..
#......###..
#9u...#
#C#..[..#
##.###C.##
#[((# .#
##### ##.##
##.$@## ###
##...yy## .u#
#..>....#
....
#.......#
###..
#.:....>#
###.
##...........
#
#.......#####
............
###.^.....###


You could see 2 meliai.

Vanquished Creatures
  Harold (D:9)
  2 two-headed ogres (D:11)
  A manticore (D:12)
  A cyclops (D:11)
  Joseph (D:7)
  A gargoyle (D:10)
  A komodo dragon (D:11)
  An unseen horror skeleton (D:9)
  A meliai (D:12)
  4 trolls (D:11)
  Grinder (D:3)
  3 hornets
  A wyvern (D:8)
  2 shadows (D:11)
  9 yaks
  A hog (D:12)
  A vampire mosquito (D:12)
  2 steam dragons
  Menkaure (D:7)
  An acid dragon (D:9)
  A water moccasin (D:9)
  A sky beast (D:7)
  3 orc warriors
  A black bear (D:5)
  2 ogres
  3 ice beasts
  3 centaurs
  2 phantoms
  3 kobold brigands
  A bullfrog (D:8)
  4 water moccasin zombies (Ossuary)
  5 scorpions
  12 wights
  8 killer bees
  2 troll zombies (D:11)
  2 howler monkeys (D:8)
  3 electric eels (D:10)
  A spectral centaur (D:9)
  4 hounds
  3 jellies
  A centaur skeleton (D:9)
  A gnoll bouda (D:6)
  3 orc priests
  3 sleepcaps
  Jessica (D:3)
  Terence (D:3)
  2 iguanas (D:5)
  10 orc wizards
  A killer bee zombie (D:9)
  4 ogre zombies (D:11)
  2 mummies (Ossuary)
  A howler monkey zombie (D:9)
  10 gnolls
  2 adders
  2 adder zombies (Ossuary)
  A worm (D:2)
  2 dart slugs
  30 orcs
  6 bats
  5 endoplasms
  4 giant cockroaches
  5 gnoll zombies (Ossuary)
  18 goblins
  7 hobgoblins
  18 kobolds
  6 ball pythons
  5 frilled lizards
  A goblin skeleton (D:11)
  2 hobgoblin skeletons (D:11)
  10 hobgoblin zombies
  3 kobold zombies (Ossuary)
  3 orc skeletons (D:11)
  15 orc zombies
  3 rats
  A spectral orc (D:9)
289 creatures vanquished.

Vanquished Creatures (others)
  An orc wizard (D:7)
  8 plants (D:12)
9 creatures vanquished.

Grand Total: 298 creatures vanquished

Notes
Turn   | Place    | Note
-------+----------+-------------------------------------------
     0 | D:1      | 123456 the Gargoyle Earth Elementalist began the quest for
                  | the Orb.
     0 | D:1      | Reached XP level 1. HP: 10/10 MP: 3/3
   148 | D:1      | Reached XP level 2. HP: 15/15 MP: 0/5
   331 | D:1      | Reached skill level 4 in Earth Magic
   436 | D:1      | You fall into a shaft and drop 1 floor!
   497 | D:2      | Reached XP level 3. HP: 19/19 MP: 0/6
  1100 | D:2      | Reached XP level 4. HP: 24/24 MP: 5/8
  1491 | D:3      | Noticed Terence
  1505 | D:3      | Killed Terence
  1510 | D:3      | Learned a level 3 spell: Stone Arrow
  1736 | D:3      | Noticed Jessica
  1739 | D:3      | Killed Jessica
  1740 | D:3      | Reached XP level 5. HP: 28/28 MP: 9/9
  1833 | D:3      | Noticed Grinder
  1846 | D:3      | Killed Grinder
  1847 | D:3      | Reached skill level 1 in Conjurations
  1847 | D:3      | Reached skill level 5 in Earth Magic
  1847 | D:3      | Reached XP level 6. HP: 32/32 MP: 5/11
  1870 | D:3      | Found a faded altar of an unknown god.
  2153 | D:3      | Found a large runed translucent door.
  2154 | D:3      | Found a large runed translucent door.
  2295 | D:3      | Found a radiant altar of Vehumet.
  2310 | D:3      | Found a hide-covered altar of Uskayaw.
  2586 | D:4      | Reached XP level 7. HP: 31/36 MP: 11/13
  2863 | D:4      | Reached skill level 6 in Earth Magic
  3011 | D:4      | Found a glowing golden altar of the Shining One.
  3117 | D:4      | Found an opulent altar of Gozag.
  3117 | D:4      | Found a glowing silver altar of Zin.
  3122 | D:4      | Became a worshipper of Gozag Ym Sagoz the Greedy
  3162 | D:5      | Entered Level 5 of the Dungeon
  3371 | D:5      | Found a staircase to the Ecumenical Temple.
  3416 | D:5      | Reached XP level 8. HP: 34/41 MP: 12/15
  3603 | D:5      | Found a shadowy altar of Dithmenos.
  3829 | D:6      | Reached skill level 5 in Spellcasting
  3829 | D:6      | Reached skill level 7 in Earth Magic
  4025 | D:6      | Reached skill level 5 in Stealth
  4472 | D:6      | Reached XP level 9. HP: 45/45 MP: 17/17
  4510 | D:6      | Reached skill level 8 in Earth Magic
  5032 | D:7      | Noticed a hornet
  5035 | D:7      | Killed a hornet
  5146 | D:7      | Noticed a hornet
  5152 | D:7      | Killed a hornet
  5153 | D:7      | Reached skill level 9 in Earth Magic
  5369 | D:7      | Noticed Joseph
  5389 | D:7      | Killed Joseph
  5390 | D:7      | Reached skill level 5 in Conjurations
  5603 | D:7      | Noticed Menkaure
  5606 | D:7      | Killed Menkaure
  5657 | D:7      | Reached XP level 10. HP: 50/50 MP: 18/20
  5721 | D:7      | Learned a level 4 spell: Flame Wave
  6001 | D:8      | Reached skill level 1 in Fire Magic
  6080 | D:8      | Reached skill level 10 in Earth Magic
  6261 | D:8      | Found a sand-covered staircase.
  6266 | Ossuary  | Entered an ossuary
  6885 | D:8      | Reached skill level 5 in Dodging
  6986 | D:8      | Found a hazy altar of Hepliaklqana.
  7877 | D:9      | Reached skill level 11 in Earth Magic
  8004 | D:9      | Found an ornate altar of the Wu Jian Council.
  8060 | D:9      | Found a staircase to the Lair.
  8240 | D:9      | Noticed Harold
  8247 | D:9      | Killed Harold
  8248 | D:9      | Reached XP level 11. HP: 54/54 MP: 9/22
  8447 | D:9      | Found a basalt altar of Yredelemnul.
  8476 | D:10     | Entered Level 10 of the Dungeon
  8525 | D:10     | Identified the +9 scale mail "Ykaob" {Regen+}
  9228 | D:10     | Found Poiggeow's Magic Scroll Shop.
  9243 | D:10     | Bought 2 scrolls of identify for 64 gold pieces
  9244 | D:10     | Identified a scroll of acquirement
  9254 | D:10     | Acquired 534 gold pieces
  9502 | D:11     | Noticed a cyclops
  9507 | D:11     | Killed a cyclops
  9525 | D:11     | Found a staircase to the Orcish Mines.
  9611 | D:11     | Reached skill level 12 in Earth Magic
  9966 | D:11     | Noticed a two-headed ogre
  9974 | D:11     | Killed a two-headed ogre
  9975 | D:11     | Reached skill level 5 in Fire Magic
 10074 | D:11     | Noticed a two-headed ogre
 10079 | D:11     | Killed a two-headed ogre
 10218 | D:12     | Found a runed translucent door.
 10221 | D:12     | Noticed patfeehan111222's ghost (journeyman MiBe)
 10221 | D:12     | Identified the +8 spear of Guobliaga {holy, rElec rC-
                  | Str+3}
 10221 | D:12     | Noticed a spriggan rider
 10232 | D:12     | Noticed Kirke
 10251 | D:12     | Noticed a cyclops
 10253 | D:12     | Noticed a manticore
 10255 | D:12     | Noticed a great orb of eyes
 10256 | D:12     | Noticed a red ugly thing
 10258 | D:12     | Noticed a cyclops
 10259 | D:12     | Noticed a green ugly thing
 10263 | D:12     | Noticed a green ugly thing
 10329 | D:12     | Killed a manticore
 10380 | D:12     | Killed from afar by a meliai

Illustrated notes

Levels and vault maps discovered:
D:1:      minmay_arrival_floating_metal, layout_rooms
D:2:      layout_rooms, corexii_item_surrounded_by_moat, minmay_goblin_outpost
D:3:      layout_loops_cross, jmf_multi_god_temple2,
          nicolae_ecumenical_lake_church, hangedman_decor_points, uniq_grinder,
          uniq_jessica, uniq_terence
D:4:      kennysheep_spiral_hall, layout_basic,
          mainiacjoe_overflow_surrounded_room,
          grunt_temple_overflow_gold_and_silver
D:5:      layout_basic, mainiacjoe_overflow_catwalk, minmay_temple_entry_fiery
D:6:      layout_loops_ring
D:7:      layout_loops_corners, minmay_strange_pillars, uniq_menkaure,
          uniq_joseph
D:8:      layout_loops_ring, nicolae_hepliaklqana_hippocampus,
          nicolae_ossuary_entry_false_entrances
D:9:      layout_small_grid, nzn_wu_jian_contemplation,
          yredelemnul_forgotten_temple_becter, lair_entry_dummy,
          hangedman_weighted_door, uniq_harold
D:10:     wad_pebble_path, layout_cave_pods, serial_shops, shop_scrolls,
          kennysheep_diamond
D:11:     layout_cross, zombieorc1_lemuel, gauntlet_entry_generic
D:12:     minmay_slanted_spiral_squares, layout_rooms,
          ebering_ghost_funeral_grove, uniq_kirke

Skill      XL: |  1  2  3  4  5  6  7  8  9 10 11 |
---------------+----------------------------------+-----
Earth Magic    | 4 5 6 7 9 11 12 | 12.4
Dodging        | 2 3 4 5 |  5.0
Stealth        | 3 4 5 6 7 |  7.0
Spellcasting   | 3 4 5 7 8 |  8.8
Conjurations   | 1 2 4 5 6 9 |  9.3
Fire Magic     | 3 5 |  5.4
Transmutations | |  0.7

Action                     |  1- 3 |  4- 6 |  7- 9 | 10-12 || total
---------------------------+-------+-------+-------+-------++-------
  Melee: Dagger            |     4 |       |       |       ||     4
         Whip              |     3 |    23 |    11 |    14 ||    51
         Punch             |       |       |     1 |       ||     1
         Unarmed           |       |       |       |     8 ||     8
   Cast: Sandblast         |    43 |    54 |   113 |   270 ||   480
         Stone Arrow       |       |     3 |    20 |    46 ||    69
         Flame Wave        |       |       |       |     3 ||     3
    Use: Potion            |       |     1 |     2 |     5 ||     8
         Scroll            |       |       |    11 |    15 ||    26
   Stab: Sleeping          |       |       |     1 |       ||     1
 Armour: Robe              |     4 |     6 |       |    29 ||    39
         Leather armour    |       |    10 |    23 |    37 ||    70
         Scale mail        |       |       |       |   106 ||   106
  Dodge: Dodged            |     6 |    41 |    29 |   167 ||   243

Table legend: (Time is in decaauts)
 A = Elapsed time spent in this place.
 B = Non-inter-level travel time spent in this place.
 C = Inter-level travel time spent in this place.
 D = Time resting spent in this place.
 E = Time spent auto-exploring this place.
 F = Levels seen in this place.
 G = Mean time per level.
                   A        B        C        D        E       F      G
               +--------+--------+--------+--------+--------+-----+--------+
         Total |  10646 |  10254 |    392 |    890 |   7454 |  13 |  818.9 |
       Dungeon |  10377 |   9985 |    392 |    890 |   7273 |  12 |  864.8 |
       Ossuary |    268 |    268 |      0 |      0 |    181 |   1 |  268.0 |
               +--------+--------+--------+--------+--------+-----+--------+

Top non-repeatable levels by time:
     D:9: 1443 daAuts
     D:7: 1137 daAuts
    D:10: 1039 daAuts
     D:8: 1004 daAuts
     D:3: 931 daAuts
     D:6: 918 daAuts
     D:1: 796 daAuts
     D:4: 793 daAuts
    D:11: 768 daAuts
     D:2: 721 daAuts
     D:5: 656 daAuts
 Ossuary: 268 daAuts
    D:12: 167 daAuts
